 Dungeon Crawl Stone Soup version 0.21.0 (webtiles) character file.

27 MrSlowpoke the Shield-Bearer (level 3, -4/19 HPs)
             Began as a Vine Stalker Fighter on June 29, 2018.
             Shot with an arrow by a centaur (11 damage)
             ... on level 5 of the Dungeon on July 2, 2018.
             The game lasted 00:10:25 (654 turns).

MrSlowpoke the Shield-Bearer (Vine Stalker Fighter)  Turns: 654, Time: 00:10:25

Health: -4/19      AC:  6    Str: 19    XL:     3   Next: 10%
Magic:  0/4        EV:  7    Int:  8    God:
Gold:   56         SH:  9    Dex: 13    Spells: 2/2 levels left

rFire    . . .     SeeInvis .   k - +0 hand axe (curse)
rCold    . . .     Gourm    .   c - +0 shield
rNeg     . . .     Faith    .   b - +0 scale mail
rPois    .         Spirit   +   (no helmet)
rElec    .         Reflect  .   (no cloak)
rCorr    .         Harm     .   (no gloves)
MR       .....                  (no boots)
Stlth    ..........             (no amulet)
HPRegen  0.06/turn              (no ring)
MPRegen  0.09/turn              (no ring)

@: no status effects
A: fangs 2, magic shield, antimagic bite, no potion heal 3, rot immunity
a: no special abilities


You were on level 5 of the Dungeon.
You were not hungry.

You visited 1 branch of the dungeon, and saw 4 of its levels.

You collected 56 gold pieces.

Inventory:

Hand Weapons
 a - a +0 war axe
 k - a cursed +0 hand axe (weapon)
 n - a +0 short sword
Armour
 b - a +0 scale mail (worn)
 c - a +0 shield (worn)
 l - a +0 leather armour
Scrolls
 i - a scroll of magic mapping {unknown}
 j - a scroll of remove curse {unknown}
 o - a scroll of identify {unknown}
 p - a scroll of fog {unknown}
Potions
 d - a potion of might
 e - a potion of heal wounds
 g - a potion of haste {unknown}
 h - a potion of agility {unknown}
 m - a potion of curing {unknown}
Comestibles
 f - 3 rations


   Skills:
 + Level 2.8 Fighting
 + Level 2.0 Axes
 + Level 2.8 Armour
 + Level 3.1 Shields


You had 2 spell levels left.
You didn't know any spells.

Dungeon Overview and Level Annotations

Branches:
Dungeon (5/15)
 Temple: D:4-7

Altars:
Vehumet


Innate Abilities, Weirdness & Mutations

You have extremely sharp teeth.
When hurt, damage is shared between your health and your magic reserves.
Your bite disrupts and absorbs the magic of your enemies.
Potions cannot restore your health.
You are immune to rotting.


Message History

There is a stone staircase leading up here.
You open the door.
Found a ration and 22 gold pieces.
There is an open door here.
An iguana comes into view.
The iguana hisses angrily.
An iguana and a centaur come into view.
The iguana hisses angrily.
The centaur shouts!
The centaur wields a shortbow.
The centaur shoots an arrow.
You block the arrow.
You see here an arrow.
The centaur shoots an arrow.
You block the arrow.
You see here an arrow.
There is an open door here.
The centaur shoots an arrow.
The arrow hits you!
Ouch! That really hurt!
You see here an arrow.
The centaur shoots an arrow.
The arrow hits you!
Ouch! That really hurt!
You die...

#+## #...## ###
##.....## # ##.##
##....$..#
####.#...####.%l......
.......<.@.('((.l.....
####.#.(.####...c.....
##.## ##.......# ....
##.....## ....##.
#...## ..#.#. .# #+##
. #.#. # # .. ..


You could see a centaur and 2 iguanas.

Vanquished Creatures
  A dart slug (D:1)
  An orc (D:4)
  2 giant cockroaches (D:1)
  A goblin (D:1)
  3 hobgoblins
  2 jackals (D:1)
  5 bats (D:1)
  A frilled lizard (D:4)
  A kobold (D:1)
  6 rats (D:1)
23 creatures vanquished.

Notes
Turn   | Place    | Note
-------+----------+-------------------------------------------
     0 | D:1      | MrSlowpoke the Vine Stalker Fighter began the quest for the Orb.
     0 | D:1      | Reached XP level 1. HP: 11/11 MP: 2/2
    98 | D:1      | Reached XP level 2. HP: 11/16 MP: 3/3
   169 | D:1      | Reached skill level 3 in Shields
   566 | D:2      | Reached XP level 3. HP: 19/19 MP: 4/4
   596 | D:2      | You fall through a shaft for 2 floors!
   597 | D:4      | Found a radiant altar of Vehumet.
   637 | D:5      | Entered Level 5 of the Dungeon
   649 | D:5      | Noticed a centaur
   654 | D:5      | Shot with an arrow by a centaur

Skill      XL: |  1  2 |
---------------+-------+-----
Shields        | 3 |  3.1
Axes           | 2 |  2.0
Fighting       | |  2.8
Armour         | |  2.8

Action                   || total
-------------------------++-------
Melee: War axe           ||    48
       Bite              ||    18
       Hand axe          ||    16
Armor: Scale mail        ||    74
Dodge: Dodged            ||    46
Block: Shield            ||    80
